 Dungeon Crawl Stone Soup version 0.30.1-1-g62c8e00024 (webtiles) character file.

Game seed: 16709076347055922869

168 monsoonserge the Skirmisher (level 5, -2/43 HPs)
             Began as a Gnoll Hunter on July 17, 2023.
             Was a Follower of Okawaru.
             Slain by an orc
             ... wielding a +2 short sword of venom
              (6 damage)
             ... on level 5 of the Dungeon.
             The game lasted 00:06:11 (2145 turns).

monsoonserge the Skirmisher (Gnoll Hunter)          Turns: 2145, Time: 00:06:12

Health: -2/43      AC:  5    Str: 10    XL:     5   Next: 48%
Magic:  7/7        EV: 14    Int:  8    God:    Okawaru [*.....]
Gold:   107        SH:  0    Dex: 18    Spells: 7/7 levels left

rFire   . . .        a - +0 shortbow
rCold   . . .        (shield currently unavailable)
rNeg    . . .        c - +0 leather armour
rPois   .            x - +0 helmet
rElec   .            (no cloak)
rCorr   .            (no gloves)
SInv    .            u - +0 pair of boots
Will    .....        (no amulet)
Stlth   ++           (no ring)
HPRegen 0.27/turn    (no ring)
MPRegen 0.10/turn

%: no passive effects
@: lethally poisoned (-2 -> -17)
A: fangs 1, strong nose, distributed training
a: Renounce Religion, Heroism


You were on level 5 of the Dungeon.
You worshipped Okawaru.
Okawaru was aware of your devotion.
You visited 1 branch of the dungeon, and saw 5 of its levels.

You collected 107 gold pieces.

Inventory:

Hand Weapons
 a - a +0 shortbow (weapon)
Missiles
 o - 4 boomerangs
Armour
 c - a +0 leather armour (worn)
 d - a +0 ring mail
 g - a +0 scale mail
 u - a +0 pair of boots (worn)
 x - a +0 helmet (worn)
Scrolls
 b - 4 scrolls of immolation
 e - 3 scrolls of fog {unknown}
 f - 2 scrolls of noise {unknown}
 j - a scroll of blinking {unknown}
 l - a scroll of vulnerability {unknown}
 p - a scroll of enchant weapon {unknown}
 q - 2 scrolls of identify {unknown}
 r - 2 scrolls of poison {unknown}
 s - a scroll of enchant armour {unknown}
Potions
 h - a potion of degeneration {unknown}
 i - 4 potions of heal wounds {unknown}
 k - 3 potions of mutation {unknown}
 m - 4 potions of haste {unknown}
 n - 2 potions of lignification {unknown}
 t - a potion of ambrosia {unknown}
 v - a potion of brilliance {unknown}
 w - 2 potions of might


   Skills:
 + Level 4.8 Fighting
 + Level 1.6 Short Blades
 + Level 1.6 Long Blades
 + Level 1.6 Axes
 + Level 1.6 Maces & Flails
 + Level 1.6 Polearms
 + Level 1.6 Staves
 + Level 8.6 Ranged Weapons
 + Level 1.6 Throwing
 + Level 1.6 Armour
 + Level 4.8 Dodging
 + Level 2.8 Stealth
 + Level 1.6 Shields
 + Level 1.6 Unarmed Combat
 + Level 1.6 Spellcasting
 + Level 1.2 Conjurations
 + Level 1.2 Hexes
 + Level 1.2 Summonings
 + Level 1.2 Necromancy
 + Level 1.2 Translocations
 + Level 1.2 Transmutations
 + Level 1.2 Fire Magic
 + Level 1.2 Ice Magic
 + Level 1.2 Air Magic
 + Level 1.2 Earth Magic
 + Level 1.2 Poison Magic
 + Level 1.8 Invocations
 + Level 1.6 Evocations


You had 7 spell levels left.
You didn't know any spells.
Your spell library contained the following spells:

 Spells                   Type           Power      Damage    Failure   Level
 Orb of Destruction       Conj           1%         9d5       100%        7
 Summon Guardian Golem    Hex/Summ       Unusable   N/A       N/A         3
 Spellforged Servitor     Conj/Summ      Unusable   N/A       N/A         7

Dungeon Overview and Level Annotations

Branches:
Dungeon (5/15)
 Temple: D:4-7

Altars:
Cheibriados
Fedhas
Kikubaaqudgha
Okawaru
Ru
Vehumet

Shops:
D:1 (


Innate Abilities, Weirdness & Mutations

You have very sharp teeth.
Your uncanny sense of smell can sniff out nearby items.
Your experience applies equally to all skills.


Message History

The orc priest casts a cantrip, but nothing happens.
The orc wizard points at you and mumbles some strange words.
You are confused.
The orc wizard mumbles some strange words.
The orc wizard flickers and vanishes!
Deactivating autopickup; reactivate with Ctrl-A.
You bump into the rock wall.
The orc hits you with a +2 short sword of venom.
You are poisoned.
You feel sick. The orc hits you but does no damage.
You are more poisoned.
The orc priest hits you with a +0 dagger.
You bump into the rock wall.
You feel less confused.
You feel very sick. The orc barely misses you.
The orc priest hits you with a +0 dagger.
You shoot an arrow. The arrow hits the orc priest!
The orc priest is severely wounded.
You feel very sick. The orc completely misses you. The orc priest misses you.
You shoot an arrow. The arrow barely misses the orc priest.
You feel sick.
The orc hits you with a +2 short sword of venom.
You are lethally poisoned!
The orc priest miscasts a cantrip.
You shoot an arrow. The arrow hits the orc priest!
You kill the orc priest!
Okawaru accepts your kill.
* * * LOW HITPOINT WARNING * * *
You feel very sick.
The orc hits you with a +2 short sword of venom.
* * * LOW HITPOINT WARNING * * *
You are more poisoned.
You shoot an arrow. The arrow barely misses the orc.
* * * LOW HITPOINT WARNING * * *
You feel very sick.
The orc priest calls upon Beogh to heal the orc.
The orc's wounds heal themselves!
The orc hits you with a +2 short sword of venom.
You die...

##..........
...#..........
.. ..##......).
..##..........##
#.............#
......#...o.#
#...# #.<..#
#..###.o..##
#..@#......#
##.oo.........
#.............
###.......###+
###..#..#
#.##..# ... #.+
..# # ..


You could see an orc priest and an orc.

Vanquished Creatures
  An orc priest (D:5)
  An iguana (D:4)
  Robin (D:3)
  3 adders
  3 dart slugs
  2 orcs
  7 endoplasms
  A giant cockroach (D:2)
  12 goblins
  10 hobgoblins
  3 quokkas
  2 ball pythons (D:3)
  4 bats
  6 frilled lizards
  3 kobolds (D:1)
  7 rats
66 creatures vanquished.

Notes
Turn   | Place    | Note
-------+----------+-------------------------------------------
     0 | D:1      | monsoonserge the Gnoll Hunter began the quest for the Orb.
     0 | D:1      | Reached XP level 1. HP: 20/20 MP: 1/1
   102 | D:1      | Reached XP level 2. HP: 26/26 MP: 2/2
   123 | D:1      | Found a faded altar of an unknown god.
   139 | D:1      | Prayed at the altar of an unknown god.
   139 | D:1      | Became a worshipper of Warmaster Okawaru
   139 | D:1      | Reached * piety under Okawaru
   396 | D:1      | Reached XP level 3. HP: 31/31 MP: 3/3
   398 | D:1      | Found Jinoenk's Weapon Shop.
   688 | D:2      | Reached skill level 1 in Invocations
   834 | D:2      | Found a blossoming altar of Fedhas.
   889 | D:2      | Reached skill level 1 in Short Blades
   889 | D:2      | Reached skill level 1 in Long Blades
   889 | D:2      | Reached skill level 1 in Axes
   889 | D:2      | Reached skill level 1 in Maces & Flails
   889 | D:2      | Reached skill level 1 in Polearms
   889 | D:2      | Reached skill level 1 in Staves
   889 | D:2      | Reached skill level 1 in Throwing
   889 | D:2      | Reached skill level 1 in Armour
   889 | D:2      | Reached skill level 1 in Shields
   889 | D:2      | Reached skill level 1 in Unarmed Combat
   889 | D:2      | Reached skill level 1 in Spellcasting
   889 | D:2      | Reached skill level 1 in Evocations
   901 | D:2      | Reached XP level 4. HP: 32/38 MP: 5/5
  1349 | D:3      | Found a sacrificial altar of Ru.
  1387 | D:3      | Found an ancient bone altar of Kikubaaqudgha.
  1486 | D:3      | Found a radiant altar of Vehumet.
  1597 | D:3      | You fall into a shaft and drop 2 floors!
  1597 | D:5      | Entered Level 5 of the Dungeon
  1667 | D:4      | Reached skill level 1 in Conjurations
  1667 | D:4      | Reached skill level 1 in Hexes
  1667 | D:4      | Reached skill level 1 in Summonings
  1667 | D:4      | Reached skill level 1 in Necromancy
  1667 | D:4      | Reached skill level 1 in Translocations
  1667 | D:4      | Reached skill level 1 in Transmutations
  1667 | D:4      | Reached skill level 1 in Fire Magic
  1667 | D:4      | Reached skill level 1 in Ice Magic
  1667 | D:4      | Reached skill level 1 in Air Magic
  1667 | D:4      | Reached skill level 1 in Earth Magic
  1667 | D:4      | Reached skill level 1 in Poison Magic
  1764 | D:4      | Noticed Robin
  1778 | D:3      | Killed Robin
  1779 | D:3      | Reached XP level 5. HP: 43/43 MP: 5/7
  1826 | D:4      | Noticed an ogre
  1830 | D:4      | Found an iron altar of Okawaru.
  1917 | D:4      | Found a snail-covered altar of Cheibriados.
  2145 | D:5      | Slain by an orc

Illustrated notes

Levels and vault maps discovered:
D:1:      ebering_hopf_link, layout_rooms, serial_shops,
          nicolae_shop_bloodbath_and_beyond,
          ebering_ecumenical_altar_sacrificial
D:2:      layout_basic, basic_altar, minmay_lizard_pond
D:3:      layout_rooms, vehumet_crystals, general_overflow_altar,
          kiku_gazebo_garden_becter
D:4:      layout_loops_cross, nzn_wu_jian_council_hall,
          mainiacjoe_overflow_catwalk, overflow_temple_1_default,
          okawaru_gym_becter, uniq_robin
D:5:      layout_cave_pools, mainiacjoe_overflow_small_starburst,
          minmay_temple_entry_hall

Skill      XL: |  1  2  3  4 |
---------------+-------------+-----
Invocations    | 1 |  1.8
Short Blades   | 1 |  1.6
Long Blades    | 1 |  1.6
Axes           | 1 |  1.6
Maces & Flails | 1 |  1.6
Polearms       | 1 |  1.6
Staves         | 1 |  1.6
Throwing       | 1 |  1.6
Armour         | 1 |  1.6
Shields        | 1 |  1.6
Unarmed Combat | 1 |  1.6
Spellcasting   | 1 |  1.6
Evocations     | 1 |  1.6
Conjurations   | 1 |  1.2
Hexes          | 1 |  1.2
Summonings     | 1 |  1.2
Necromancy     | 1 |  1.2
Translocations | 1 |  1.2
Transmutations | 1 |  1.2
Fire Magic     | 1 |  1.2
Ice Magic      | 1 |  1.2
Air Magic      | 1 |  1.2
Earth Magic    | 1 |  1.2
Poison Magic   | 1 |  1.2
Fighting       | |  4.8
Ranged Weapons | |  8.6
Dodging        | |  4.8
Stealth        | |  2.8

Action                     |  1- 3 |  4- 6 || total
---------------------------+-------+-------++-------
   Fire: Shortbow          |    67 |    85 ||   152
 Armour: Leather armour    |     5 |     7 ||    12
  Dodge: Dodged            |    19 |    19 ||    38
